Map: Traitor's Exile

Players

Vicious

  • Race: Zerg Zerg
  • League: Diamond
  • Spawn Location: 5:00

whiteside

  • Race: Zerg Zerg
  • League: Gold
  • Spawn Location: 6:00

Leon - Winner!

  • Race: Terran Terran
  • League: Diamond
  • Spawn Location: 12:00

Frumious - Winner!

  • Race: Zerg Zerg
  • League: Diamond
  • Spawn Location: 9:00

VOD

Have the link to the VOD?

Description

Helion to Cyclone LIberator push

Time

  • Played on: July 10, 2018, 4:21 p.m.
  • Length: 8:14
Show
View Real Time Build Order
Export as new Build Order

Vicious Zerg 

Build Orders: Pool First 

Get SALT Encoding   

  12  0:03  Drone  
  13  0:13  Overlord  
  13  0:19  Drone  
  14  0:32  Drone x2  
  16  0:40  Drone  
  17  0:48  Spawning Pool  
  16  0:53  Extractor, Drone  
  16  0:58  Drone  
  17  1:23  Drone  
  18  1:29  Hatchery  
  18  1:31  Drone  
  18  1:40  Zergling x2  
  18  1:41  Zergling x2  
  20  1:51  Queen  
  22  1:57  Overlord  
  22  2:15  Metabolic Boost  
  22  2:17  Zergling x4  
  24  2:26  Drone  
  25  2:34  Zergling x2  
  26  2:43  Zergling x2  
  27  2:45  Drone  
  27  2:47  Queen  
  30  2:52  Drone  
  30  2:55  Drone  
  30  3:08  Drone x2  
  31  3:13  Zergling x2  
  31  3:17  Zergling x2  
  32  3:24  Zergling x2  
  33  3:27  Zergling x2  
  34  3:38  Zergling x4  
  34  3:46  Queen  
  35  3:56  Queen  
  35  3:59  Zergling x2  
  35  4:02  Overlord x4  
  35  4:08  Zergling x2  
  35  4:09  Zergling x4  
  31  4:16  Zergling x2  
  23  4:29  Zergling x4  
  18  4:32  Zergling x2  
  18  4:36  Drone  
  10  5:03  Drone x3  
  10  5:04  Drone  
  12  5:20  Drone  
  13  5:24  Drone  
  14  5:35  Drone  
Show
View Real Time Build Order
Export as new Build Order

whiteside Zerg 

Build Orders: Pool First 

Get SALT Encoding   

  12  0:01  Drone  
  13  0:09  Drone  
  14  0:28  Spawning Pool  
  13  0:31  Drone  
  14  0:39  Overlord  
  14  0:59  Drone  
  14  1:00  Drone x2  
  17  1:19  Spine Crawler  
  17  1:20  Queen  
  17  1:22  Drone  
  19  1:28  Spine Crawler  
  18  1:33  Drone  
  19  1:44  Overlord  
  19  1:52  Extractor  
  18  1:56  Queen  
  20  2:11  Spine Crawler, Drone  
  20  2:31  Overlord  
  20  2:46  Drone  
  20  2:47  Drone x2  
  23  2:52  Spine Crawler  
  22  3:11  Hatchery  
  21  3:13  Extractor, Drone x3  
  21  3:15  Drone  
  21  3:16  Drone x2  
  26  3:48  Spine Crawler  
  26  3:52  Spine Crawler  
  24  4:03  Roach Warren  
  24  4:04  Drone x4  
  27  4:30  Overlord  
  27  4:43  Roach x4  
  27  4:44  Roach  
  37  5:01  Spine Crawler  
  37  5:03  Drone x2  
  37  5:06  Roach x2  
  42  5:23  Lair  
  42  5:26  Metabolic Boost  
  40  5:33  Spine Crawler  
  35  5:38  Drone  
  35  5:39  Drone x2  
  32  6:15  Spine Crawler  
  22  6:43  Drone x4  
  22  6:44  Drone x4  
  27  6:49  Spore Crawler  
  27  6:54  Spore Crawler  
  25  6:55  Spore Crawler  
  25  6:59  Spore Crawler  
  25  7:00  Drone x4  
  27  7:03  Spore Crawler  
  26  7:15  Roach x2  
  30  7:23  Spire  
Show
View Real Time Build Order
Export as new Build Order

Leon Terran - Winner!

Build Orders: 1/1/1, Hellion Opening 

Get SALT Encoding   

  12  0:01  SCV  
  13  0:13  SCV  
  14  0:19  Supply Depot  
  14  0:25  SCV  
  15  0:29  Refinery  
  15  0:40  SCV  
  16  0:46  Barracks  
  16  0:53  SCV  
  17  1:04  Refinery  
  17  1:05  SCV  
  18  1:17  SCV  
  19  1:29  SCV  
  20  1:37  Factory  
  20  1:44  Barracks Reactor  
  20  1:46  Orbital Command  
  20  1:52  Supply Depot  
  20  2:12  SCV  
  21  2:25  Starport  
  21  2:28  Hellion  
  21  2:29  Hellion  
  25  2:36  SCV  
  26  2:42  Barracks Reactor  
  26  2:48  SCV  
  26  2:50  Hellion x2  
  31  3:20  Supply Depot  
  31  3:21  Supply Depot  
  31  3:39  Hellion x2  
  35  4:00  Hellion x2  
  39  4:21  Supply Depot  
  39  4:22  Hellion x2, Supply Depot  
  39  4:43  Hellion x2  
  43  4:47  Armory  
  43  4:49  Armory  
  43  4:54  Liberator x2  
  41  5:13  Hellion  
  41  5:14  Hellion  
  51  5:20  Supply Depot  
  49  5:35  Hellion x2  
  49  5:59  Liberator x2  
  49  6:01  Cyclone x2  
  59  6:21  Supply Depot  
  59  6:23  Supply Depot  
  56  6:42  Liberator x2  
  53  6:48  Cyclone  
  57  8:08  Command Center  
Show
View Real Time Build Order
Export as new Build Order

Frumious Zerg - Winner!

Build Orders: Pool First 

Get SALT Encoding   

  12  0:02  Drone  
  13  0:21  Overlord  
  13  0:23  Extractor, Drone  
  13  0:41  Spawning Pool  
  12  0:54  Drone x2  
  12  0:55  Drone  
  15  1:09  Drone  
  16  1:18  Drone  
  17  1:29  Baneling Nest  
  17  1:31  Drone  
  17  1:34  Queen  
  19  1:41  Spine Crawler  
  19  1:44  Drone  
  19  1:53  Overlord  
  19  2:01  Metabolic Boost  
  19  2:05  Drone  
  20  2:22  Zergling x4  
  22  2:35  Drone  
  23  2:46  Zergling x2, Drone  
  23  2:47  Zergling x2  
  26  3:22  Roach Warren  
  26  3:24  Zergling x2, Drone  
  26  3:25  Zergling x6  
  30  3:28  Hatchery  
  29  3:40  Drone  
  30  3:52  Baneling x2  
  28  4:23  Drone x2  
  28  4:24  Overlord x3  
  27  4:52  Zergling x8  
  29  4:57  Queen  
  30  5:01  Extractor, Lair  
  30  5:06  Drone  
  30  5:07  Drone  
  31  5:17  Hatchery, Drone  
  31  5:18  Roach  
  31  5:20  Drone  
  32  5:29  Roach  
  32  5:48  Drone x3  
  35  5:52  Roach x2  
  39  6:07  Roach  
  39  6:08  Roach x2  
  39  6:10  Glial Reconstitution  
  45  6:13  Drone  
  46  6:30  Ravager x2  
  46  6:32  Roach x6  
  62  6:33  Roach x2  
  64  6:48  Drone x2, Overlord x2  
  64  6:49  Overlord  
  64  6:50  Overlord  
  66  7:09  Drone x2, Overlord  
  66  7:10  Drone x2, Overlord  
  70  7:26  Ravager x4  
  70  7:27  Ravager  
  75  7:32  Drone x3, Overlord  
  75  7:33  Drone, Overlord  
  79  7:37  Extractor  
  79  7:38  Extractor  
Tags
 
Add a new tag
Caveats
  • Supply blocks, unpowered buildings, or Contaminate may cause inaccurate times.
  • Supply counts are checked every 10 seconds.